Map: Prion Terraces

Players

MorN

  • Race: Terran Terran
  • League: Master

MONSTER - Winner!

  • Race: Zerg Zerg
  • League: Diamond

VOD

Have the link to the VOD?

Description

Time

  • Played on: Nov. 23, 2015, 8:23 p.m.
  • Length: 12:09
Show
View Real Time Build Order
Export as new Build Order

MorN Terran 

Build Orders: Reaper Expand, MMM Bio 

Get SALT Encoding   

  12  0:00  SCV  
  13  0:12  SCV  
  14  0:17  Supply Depot  
  14  0:25  SCV  
  15  0:38  SCV  
  15  0:39  Barracks  
  16  0:46  Refinery  
  16  0:50  SCV  
  17  1:02  SCV  
  18  1:14  SCV  
  19  1:31  Reaper, Orbital Command  
  20  1:40  Command Center  
  20  1:50  Supply Depot  
  20  2:00  SCV  
  21  2:03  Reaper  
  22  2:13  SCV  
  23  2:25  SCV  
  24  2:31  Factory  
  24  2:47  SCV  
  24  2:49  Barracks Reactor  
  25  2:53  Orbital Command  
  25  2:56  Refinery  
  25  3:01  SCV  
  25  3:03  Command Center  
  25  3:13  SCV  
  26  3:23  SCV  
  26  3:26  Marine x2  
  29  3:27  Factory Tech Lab  
  29  3:29  SCV  
  29  3:31  Starport  
  30  3:35  SCV  
  31  3:41  SCV  
  31  3:43  Marine  
  31  3:44  Marine  
  34  3:55  SCV  
  34  4:01  Marine x2  
  36  4:08  Siege Tank  
  36  4:09  SCV  
  39  4:13  SCV  
  39  4:16  Orbital Command  
  40  4:18  Medivac  
  40  4:21  SCV  
  40  4:22  Marine x2  
  45  4:25  SCV  
  45  4:29  Supply Depot  
  46  4:34  SCV  
  46  4:37  SCV  
  48  4:46  SCV, Factory Reactor  
  48  4:47  Barracks  
  48  4:48  SCV  
  48  4:49  SCV  
  48  4:51  Bunker  
  48  4:52  Barracks  
  51  4:58  SCV, Stimpack, Marine  
  51  4:59  Supply Depot, Starport Reactor  
  53  5:00  SCV  
  53  5:01  SCV  
  53  5:02  Refinery  
  53  5:03  Refinery  
  55  5:10  SCV  
  55  5:11  Engineering Bay  
  55  5:12  SCV  
  57  5:14  Engineering Bay  
  57  5:16  SCV  
  57  5:17  Marine  
  59  5:22  SCV  
  60  5:33  Factory Reactor  
  60  5:35  Marine x3  
  60  5:37  Terran Infantry Weapons Level 1  
  60  5:39  SCV  
  64  5:43  Terran Infantry Armor Level 1  
  64  5:47  Marine x2  
  66  5:52  SCV  
  66  5:53  Marine x3  
  66  5:54  Supply Depot, Barracks x2  
  69  6:06  Medivac x2  
  69  6:11  Supply Depot, Widow Mine, Marine  
  74  6:14  Orbital Command  
  74  6:15  Widow Mine  
  74  6:16  Marauder  
  74  6:17  Supply Depot  
  80  6:22  Marine x2  
  82  6:44  Marine  
  82  6:45  Marine x3  
  82  6:46  Marauder  
  83  6:48  Barracks Reactor x2  
  83  6:50  Medivac x2  
  85  6:54  SCV, Armory  
  85  6:57  Command Center  
  86  7:02  Marine x2  
  86  7:03  SCV x2  
  86  7:06  SCV, Supply Depot  
  86  7:07  Combat Shields, Marauder  
  93  7:12  Marine x2  
  95  7:18  Barracks  
  95  7:19  Barracks  
  95  7:20  Barracks, Marine  
  96  7:23  SCV x2  
  96  7:25  Marine x3  
  96  7:26  Supply Depot x2  
  96  7:27  Marine  
  102  7:32  Supply Depot  
  90  7:43  Marine  
  71  7:50  Marine x2  
  68  7:51  Marine, Marauder  
  68  7:53  Widow Mine, Medivac x2  
  75  8:03  Marine x3  
  78  8:11  Marine  
  78  8:12  Marauder, Marine x2  
  75  8:19  Marine x2  
  71  8:23  Marine x2  
  70  8:32  Marine x3  
  70  8:34  Barracks Tech Lab x2, Marauder  
  73  8:37  Orbital Command  
  72  8:44  Orbital Command  
  70  8:52  Marine x4  
  70  8:53  Marauder  
  70  8:55  Marauder  
  76  9:06  Supply Depot  
  76  9:25  Terran Infantry Weapons Level 2  
  76  9:27  Marine x2  
  76  9:28  Terran Infantry Armor Level 2  
  78  9:31  Marine x2  
  78  9:37  Marine x2  
  84  9:38  Marauder  
  84  9:45  Marine  
  84  9:46  Marine  
  84  9:48  Marauder  
  84  9:49  Marine  
  84  9:58  Marine  
  84  10:10  Supply Depot  
  84  10:11  Marine  
  84  10:12  SCV, Marine  
  84  10:13  Marine  
  84  10:16  Marine x2  
  84  10:17  Marine  
  84  10:25  Marine x2  
  84  10:26  Marauder, Marine  
  84  10:28  Marauder  
  83  10:29  Marine  
  83  10:30  Marauder, Marine  
  83  10:31  Marine  
  83  10:33  Marine x2  
  83  10:35  Marine  
  82  10:36  Widow Mine x2  
  82  10:40  Planetary Fortress  
  82  10:42  SCV x3  
  89  10:43  Marine  
  89  10:48  Marauder  
  92  10:50  Supply Depot  
  92  10:52  Supply Depot  
  92  11:11  SCV, Marine x5  
  92  11:12  Marauder  
  92  11:13  SCV  
  92  11:14  Marauder x2  
  95  11:28  SCV  
  95  11:30  SCV  
  93  11:48  Marine  
  93  11:50  Marine  
  93  11:51  Marine x2  
Show
View Real Time Build Order
Export as new Build Order

MONSTER Zerg - Winner!

Build Orders: Hatch First 

Get SALT Encoding   

  12  0:01  Drone  
  13  0:13  Overlord  
  13  0:18  Drone  
  14  0:31  Drone x2  
  16  0:36  Drone  
  17  0:52  Hatchery  
  17  0:54  Drone  
  17  0:58  Extractor  
  17  1:02  Drone  
  17  1:15  Drone, Spawning Pool  
  17  1:21  Drone  
  18  1:31  Drone  
  19  1:40  Overlord  
  19  2:02  Metabolic Boost, Queen  
  19  2:03  Zergling x4  
  19  2:05  Queen  
  25  2:09  Zergling x2  
  26  2:15  Drone  
  26  2:16  Drone  
  28  2:24  Drone  
  29  2:33  Drone x2  
  31  2:53  Queen  
  31  2:54  Drone x2  
  35  3:06  Hatchery  
  35  3:10  Drone x2  
  35  3:11  Overlord x2  
  36  3:28  Overlord  
  36  3:31  Drone x2  
  36  3:32  Drone  
  39  3:37  Extractor  
  38  3:50  Drone x3, Overlord  
  41  4:07  Drone x2  
  41  4:08  Drone  
  42  4:11  Lair  
  42  4:12  Roach Warren, Drone x2  
  42  4:13  Drone  
  44  4:24  Drone  
  44  4:25  Drone x2  
  44  4:28  Extractor  
  44  4:29  Drone  
  44  4:30  Evolution Chamber, Drone  
  47  4:42  Drone  
  47  4:43  Drone x2  
  50  4:51  Drone  
  50  4:52  Drone  
  52  4:56  Zerg Missile Weapons Level 1  
  52  4:58  Overlord x2, Extractor  
  51  5:06  Zergling x2  
  56  5:07  Zergling x10  
  56  5:08  Glial Reconstitution  
  56  5:12  Spore Crawler  
  56  5:17  Spore Crawler  
  55  5:21  Drone x2  
  55  5:22  Drone  
  55  5:23  Extractor  
  55  5:24  Overlord  
  55  5:25  Roach x7  
  55  5:26  Roach  
  73  5:37  Roach x3  
  79  5:44  Overlord  
  79  5:47  Drone  
  79  5:49  Drone x2, Overlord  
  82  5:55  Extractor  
  81  6:05  Drone x2  
  84  6:11  Drone x3  
  84  6:14  Overlord  
  84  6:16  Overlord x2  
  86  6:21  Overlord  
  86  6:22  Overlord  
  86  6:28  Hatchery  
  84  6:42  Queen  
  84  6:46  Roach  
  96  6:47  Roach x13  
  96  6:49  Overlord  
  96  6:50  Overseer  
  112  6:57  Ravager x3  
  112  6:58  Ravager x8  
  123  7:04  Drone  
  124  7:08  Zerg Missile Weapons Level 2  
  124  7:13  Zergling x2  
  124  7:35  Zergling x30  
  118  7:46  Ravager  
  104  8:17  Zergling x2  
  104  8:18  Zergling x18  
  107  8:30  Roach  
  107  8:31  Roach x2  
  77  8:59  Roach  
  77  9:00  Roach x5  
  77  9:01  Drone x3  
  84  9:03  Queen  
  84  9:09  Hatchery, Hydralisk Den  
  84  9:12  Roach x3  
  84  9:15  Overlord  
  88  9:17  Roach x2  
  88  9:23  Roach x3  
  94  9:24  Evolution Chamber  
  94  9:25  Zerg Ground Armor Level 1, Queen  
  94  9:28  Ravager x9  
  104  9:31  Roach  
  104  9:32  Roach  
  104  9:34  Overseer x2  
  104  9:36  Roach x3  
  104  9:37  Roach x4  
  119  9:52  Hydralisk, Muscular Augments  
  116  9:53  Hydralisk x7  
  132  10:00  Hydralisk x2, Roach  
  132  10:01  Queen  
  132  10:05  Ravager x5  
  132  10:06  Ravager  
  146  10:08  Drone x5  
  147  10:22  Hydralisk x4  
  151  10:32  Hydralisk x3  
  157  10:37  Overlord  
  157  10:39  Drone  
  157  10:42  Overlord x3, Extractor x2  
  156  10:44  Overseer  
  156  10:59  Ravager x2  
  156  11:00  Ravager x5  
  156  11:02  Roach  
  156  11:03  Zergling x12  
  156  11:04  Zergling x14  
  178  11:13  Zergling x2  
  178  11:14  Zergling x16  
  182  11:34  Roach  
  182  11:39  Hydralisk x3  
  187  11:42  Overlord  
  187  11:43  Overlord  
Tags
 
Add a new tag
Caveats
  • Supply blocks, unpowered buildings, or Contaminate may cause inaccurate times.
  • Supply counts are checked every 10 seconds.